 Dungeon Sprint DCSS version 0.17-a0-1830-g81820eb (webtiles) character file.

1057 Kidiri the Protected (level 8, -6/53 HPs)
             Began as a Gargoyle Fighter on Sept 13, 2015.
             Was a Believer of Trog.
             Mangled by Snorg (8 damage)
             ... in the Dungeon (Sprint III: "The Ten Rune Challenge").
             The game lasted 00:05:42 (1402 turns).

Kidiri the Protected (Gargoyle Fighter)             Turns: 1402, Time: 00:05:43

Health: -6/53      AC: 14    Str: 21    XL:     8   Next: 27%
Magic:  8/8        EV: 10    Int: 10    God:    Trog [**....]
Gold:   30         SH: 11    Dex:  9    Spells: 0 memorised, 7 levels left

rFire  . . .     SeeInvis .     a - +0 flail
rCold  . . .     Clarity  .     b - +0 scale mail
rNeg   + . .     SustAt   .     c - +0 shield
rPois  ∞         Gourm    .     (no helmet)
rElec  +         Spirit   .     (no cloak)
rCorr  .         Warding  .     (no gloves)
rMut   .         NoTele   +     (no boots)
MR     ++...                    (no amulet)
Stlth  ..........               (no ring)
                                (no ring)

@: exhausted, regenerating, slowed, very slow, very resistant to hostile
enchantments, extremely unstealthy
A: claws 1, negative energy resistance 1, electricity resistance, unbreathing,
petrification resistance, rot immunity, AC +5
a: Burn Spellbooks, Berserk, Trog's Hand, Renounce Religion


You were in the Dungeon.
You worshipped Trog.
Trog was pleased with you.
You were not hungry.

You visited 1 branch You collected 30 gold pieces.

Inventory:

Hand weapons
 a - a +0 flail (weapon)
Armour
 b - a +0 scale mail (worn)
 c - a +0 shield (worn)
Magical devices
 t - a wand of magic darts (30)
Scrolls
 k - a scroll of blinking
 m - a scroll of holy word
 o - 2 scrolls of remove curse
Potions
 d - a potion of might
 g - a potion of heal wounds
 h - a potion of haste
 i - 2 potions of magic
 j - a potion of berserk rage
 l - a potion of curing
 r - a potion of brilliance
Comestibles
 p - a fruit
 s - 2 royal jellies


   Skills:
 + Level 7.5 Fighting
 * Level 9.1 Maces & Flails
 * Level 10.3 Armour
 + Level 5.0 Dodging
 * Level 10.2 Shields


You had 7 spell levels left.
You didn't know any spells.

Dungeon Overview and Level Annotations

Branches:
Dungeon (1/1)

Altars:
Cheibriados
Dithmenos
Elyvilon
Fedhas
Gozag
Kikubaaqudgha
Makhleb
Nemelex Xobeh
Okawaru
Qazlal
Ru
Sif Muna
Trog
Vehumet
Xom
Yredelemnul
Zin
The Shining One
Jiyva
Lugonu

Annotations:
D Snorg


Innate Abilities, Weirdness & Mutations

You are resistant to torment.
Your stone body is resilient (AC +5).
You are immune to poison.
You resist negative energy.
You are resistant to electric shocks.
You can survive without breathing.
You are immune to petrification.
You are immune to rotting.
You have sharp fingernails.


Message History

Snorg is almost dead.
Snorg goes berserk!
Unknown command.
You sock Snorg!
Snorg is almost dead.
You block Snorg's attack. Snorg claws you! Snorg claws you! Snorg bites you.
Snorg closely misses you. Snorg claws you.
Unknown command.
You block Snorg's attack. Snorg claws you!
* * * LOW HITPOINT WARNING * * *
Snorg claws you!
* * * LOW HITPOINT WARNING * * *
Drink which item? (? for menu, Esc to quit)
You feel much better.
You feel the effects of Trog's Hand fading.
You block Snorg's attack. Snorg claws you! Snorg claws you. Snorg bites you!
* * * LOW HITPOINT WARNING * * *
Snorg claws you but does no damage. Snorg completely misses you.
You block Snorg's attack. Snorg claws you but does no damage. Snorg claws you!
You die...

##..#___#__)#__#
.#..#...#...#[_#
.#..###+#+###+##
+#..#..........#
#...'.⌠........#
#...#...######'#
....#.⌠.#__#...#+#####
....#...#__#...#.T≈§§+
....#+###__#...#@#≈§≈#
....#...#__#...'§#§§§#
....#___#_.+...#.#§§§#
▓▓▓▓▓▓▓▓▓▓▓▓▓▓▓▓▓▓▓▓▓▓


You could see Snorg (berserk).

Vanquished Creatures
  A deep elf priest (D)
  A shadow (D)
  A spatial vortex (D)
  A necrophage (D)
  A water elemental (D)
  A jelly (D)
  A wizard (D)
  A wolf (D)
  A necromancer (D)
  3 humans (D)
  A kobold demonologist (D)
  2 oozes (D)
  2 rats (D)
17 creatures vanquished.

Vanquished Creatures (others)
  2 draconian scorchers (D)
  2 yaktaurs (D)
  4 plants (D)
8 creatures vanquished.

Grand Total: 25 creatures vanquished

Notes
Turn   | Place    | Note
--------------------------------------------------------------
     0 | D        | Kidiri the Gargoyle Fighter began the quest for the Orb.
     0 | D        | Reached XP level 1. HP: 14/14 MP: 1/1
    14 | D        | Reached skill level 4 in Armour
    14 | D        | Reached XP level 2. HP: 16/19 MP: 2/2
    23 | D        | Killed a yaktaur
    28 | D        | Reached skill level 1 in Dodging
    98 | D        | Noticed a wolf
   108 | D        | Killed a wolf
   108 | D        | Reached XP level 3. HP: 13/24 MP: 3/3
   124 | D        | Reached skill level 5 in Armour
   124 | D        | Reached skill level 5 in Shields
   270 | D        | Killed a white draconian scorcher
   296 | D        | Killed a white draconian scorcher
   346 | D        | Gained mutation: You are clumsy. (Dex -2) [potion of mutation]
   346 | D        | Gained mutation: Scrolls take you a little longer to read. [potion of mutation]
   346 | D        | Gained mutation: You have sharp toenails. [potion of mutation]
   347 | D        | Lost mutation: You have sharp toenails. [potion of cure mutation]
   347 | D        | Lost mutation: You are clumsy. (Dex -2) [potion of cure mutation]
   347 | D        | Lost mutation: Scrolls take you a little longer to read. [potion of cure mutation]
   348 | D        | Gained mutation: You have sharp fingernails. [potion of mutation]
   348 | D        | Gained mutation: You are clumsy. (Dex -2) [potion of mutation]
   349 | D        | Gained mutation: Scrolls take you a little longer to read. [potion of mutation]
   349 | D        | Gained mutation: You are dopey. (Int -2) [potion of mutation]
   349 | D        | Lost mutation: You are dopey. (Int -2) [potion of mutation]
   350 | D        | Lost mutation: You are clumsy. (Dex -2) [potion of cure mutation]
   350 | D        | Lost mutation: Scrolls take you a little longer to read. [potion of cure mutation]
   365 | D        | Noticed a water elemental
   371 | D        | Killed a water elemental
   371 | D        | Reached skill level 6 in Armour
   371 | D        | Reached XP level 4. HP: 21/30 MP: 4/4
   470 | D        | Found an iron altar of Okawaru.
   470 | D        | Found a bloodstained altar of Trog.
   470 | D        | Noticed a human
   470 | D        | Noticed a human
   502 | D        | Killed a human
   502 | D        | Reached skill level 5 in Fighting
   502 | D        | Reached skill level 7 in Armour
   502 | D        | Reached XP level 5. HP: 15/35 MP: 5/5
   502 | D        | Reached XP level 6. HP: 17/40 MP: 6/6
   517 | D        | Killed a human
   517 | D        | Reached skill level 8 in Armour
   537 | D        | Killed a yaktaur
   550 | D        | Became a worshipper of Trog the Wrathful
   709 | D        | Found a radiant altar of Vehumet.
   709 | D        | Found a deep blue altar of Sif Muna.
   709 | D        | Found an ancient bone altar of Kikubaaqudgha.
   709 | D        | Noticed a wizard
   711 | D        | Acquired Trog's first power
   722 | D        | Killed a wizard
   722 | D        | Acquired Trog's second power
   865 | D        | Found a glowing silver altar of Zin.
   867 | D        | Found a glowing golden altar of the Shining One.
   867 | D        | Found a white marble altar of Elyvilon.
   867 | D        | Noticed a deep elf priest
   877 | D        | Killed a deep elf priest
   877 | D        | Reached skill level 9 in Armour
   877 | D        | Reached XP level 7. HP: 29/47 MP: 7/7
  1000 | D        | Found a basalt altar of Yredelemnul.
  1000 | D        | Found a snail-covered altar of Cheibriados.
  1000 | D        | Found a blossoming altar of Fedhas.
  1000 | D        | Noticed a necrophage
  1000 | D        | Noticed a necromancer
  1017 | D        | Killed a necrophage
  1027 | D        | Killed a necromancer
  1101 | D        | Noticed a jelly
  1112 | D        | Killed a jelly
  1166 | D        | Noticed a shadow
  1182 | D        | Killed a shadow
  1182 | D        | Reached skill level 10 in Armour
  1182 | D        | Reached skill level 10 in Shields
  1182 | D        | Reached XP level 8. HP: 26/53 MP: 8/8
  1336 | D        | Found a stormy altar of Qazlal.
  1337 | D        | Found a sacrificial altar of Ru.
  1337 | D        | Found a burning altar of Makhleb.
  1337 | D        | Found a viscous altar of Jiyva.
  1337 | D        | Found a shimmering altar of Xom.
  1337 | D        | Found a shadowy altar of Dithmenos.
  1337 | D        | Found a sparkling altar of Nemelex Xobeh.
  1337 | D        | Found a corrupted altar of Lugonu.
  1337 | D        | Found an opulent altar of Gozag.
  1337 | D        | Noticed a spatial vortex
  1356 | D        | Killed a spatial vortex
  1356 | D        | Reached skill level 5 in Dodging
  1385 | D        | Noticed Snorg
  1402 | D        | HP: 2/53 [Snorg (14)]
  1402 | D        | Mangled by Snorg

Vault maps used:
D:        dungeon_sprint_mu

Action                   |  1- 3 |  4- 6 |  7- 9 || total
-------------------------+-------+-------+-------++-------
Melee: Flail             |    37 |    36 |    61 ||   134
Invok: Trog's Hand       |       |     1 |     2 ||     3
       Burn Spellbooks   |       |     1 |       ||     1
       Berserk           |       |       |     1 ||     1
  Use: Potion            |     6 |       |     1 ||     7
       Scroll            |     3 |       |       ||     3
  Eat: Bread ration      |       |       |     1 ||     1
